[Event "Titled Tuesday Blitz February 07 Early 2023"]
[White "Fiorito, Joaquin"]
[Black "Borrmann, Laurenz"]
[WhiteFideId "180173"]
[BlackFideId "312187930"]
[WhiteElo "2405"]
[BlackElo "2304"]
[Result "1-0"]
[Round "06"]
[TimeControl "180+2"]
[Date "2023.02.07"]
[WhiteClock "0:01:34"]
[BlackClock "0:01:54"]

1. d4 Nf6 2. Nc3 d5 3. Bf4 c5 4. e4 Nxe4 5. Bb5+ Nc6 6. Nxe4 dxe4 7. Ne2 Bg4 8. Bxc6+ bxc6 9. dxc5 Qa5+ 10. Qd2 Qxc5 11. Rd1 e6 12. Qd7# 1-0


[Site "https://www.chess.com"]

[Event "Titled Tuesday Blitz February 07 Early 2023"]
[White "Ljukin, Sergei"]
[Black "Chernobay, Artem"]
[WhiteFideId "14102200"]
[BlackFideId "4167406"]
[WhiteElo "2362"]
[BlackElo "2484"]
[Result "0-1"]
[Round "06"]
[TimeControl "180+2"]
[Date "2023.02.07"]
[WhiteClock "0:00:29"]
[BlackClock "0:01:32"]

1. e4 c5 2. Nf3 d6 3. d4 cxd4 4. Nxd4 Nf6 5. Nc3 a6 6. Bg5 Nbd7 7. f4 Qc7 8. Qf3 h6 9. Bxf6 Nxf6 10. f5 Qc5 11. O-O-O g5 12. g4 Bg7 13. Nde2 Bd7 14. h4 Bc6 15. hxg5 hxg5 16. Rxh8+ Bxh8 17. Nd5 Rc8 18. Nec3 b5 19. a3 a5 20. Qd3 b4 21. Qa6 Bxd5 0-1


[Site "https://www.chess.com"]

[Event "Titled Tuesday Blitz February 07 Early 2023"]
[White "Osmak, Yuliia"]
[Black "Liyanage, Ranindu Dilshan"]
[WhiteFideId "14101602"]
[BlackFideId "9915834"]
[WhiteElo "2440"]
[BlackElo "2342"]
[Result "1-0"]
[Round "06"]
[TimeControl "180+2"]
[Date "2023.02.07"]
[WhiteClock "0:00:07"]
[BlackClock "0:00:07"]

1. Nf3 d5 2. g3 g6 3. Bg2 Bg7 4. O-O e5 5. d3 Ne7 6. e4 O-O 7. Re1 Nbc6 8. Nc3 d4 9. Nd5 Be6 10. c4 dxc3 11. Nxe7+ Qxe7 12. bxc3 h6 13. d4 exd4 14. cxd4 Rfd8 15. Be3 Bg4 16. d5 Bxf3 17. Qxf3 Bxa1 18. dxc6 Bg7 19. cxb7 Rab8 20. e5 Qxe5 21. Rb1 Qa5 22. Qe2 Re8 23. Qc4 Re7 24. Bd5 h5 25. Bc5 Rd7 26. Bc6 Rd2 27. Bd5 Kh7 28. Bxf7 c6 29. Be3 Rd7 30. Bxg6+ Kxg6 31. Qe6+ Bf6 32. Qxd7 Qxa2 33. Qd3+ Kg7 34. Kg2 Qf7 35. h4 Rxb7 36. Rxb7 Qxb7 37. Qe4 Qc7 38. Kh2 c5 39. Qc4 Be7 40. Qd5 c4 41. Bd4+ Bf6 42. Qg5+ Kh7 43. Qxf6 c3 44. Qf5+ Kh6 45. Qg5+ Kh7 46. Qxh5+ Kg8 47. Qg6+ Kf8 48. Qf6+ Ke8 49. Qf5 c2 50. Qg6+ Kf8 51. Qf6+ Kg8 52. Qh8+ Kf7 53. Qg7+ Ke6 54. Qxc7 1-0


[Site "https://www.chess.com"]

[Event "Titled Tuesday Blitz February 07 Early 2023"]
[White "Berezin, Viktor"]
[Black "Pacan-Milej, Kosma"]
[WhiteFideId "14107872"]
[BlackFideId "21800537"]
[WhiteElo "2307"]
[BlackElo "2402"]
[Result "0-1"]
[Round "06"]
[TimeControl "180+2"]
[Date "2023.02.07"]
[WhiteClock "0:00:09"]
[BlackClock "0:00:10"]

1. d4 Nf6 2. Nf3 g6 3. g3 Bg7 4. Bg2 O-O 5. O-O d6 6. a4 Nc6 7. Nc3 e5 8. dxe5 dxe5 9. Qxd8 Rxd8 10. a5 a6 11. Bg5 h6 12. Bxf6 Bxf6 13. Rfd1 Bf5 14. Ne1 Rxd1 15. Rxd1 Nxa5 16. Nd5 Bd8 17. Nd3 Nc6 18. Nc5 Rb8 19. e4 Bg4 20. f3 Bc8 21. f4 b6 22. Nd3 Bg4 23. Ra1 a5 24. Nxe5 Nxe5 25. fxe5 Kg7 26. b4 Be6 27. bxa5 bxa5 28. Nf4 Rb5 29. Nxe6+ fxe6 30. Rd1 Be7 31. Rd7 Kf8 32. Rxc7 a4 33. Bf1 Ra5 34. Bc4 a3 35. Ba2 Rxe5 36. Rc4 Rb5 37. Ra4 Rb6 38. Kf2 Kf7 39. Kf3 Kf6 40. Ra5 Rc6 41. Bb3 Rc3+ 42. Ke2 Bd6 43. e5+ Bxe5 44. Ra6 a2 45. Rxa2 Rc6 46. Ra5 Bc3 47. Rb5 e5 48. Rd5 Bd4 49. Rd8 Rc3 50. Rf8+ Kg5 51. Rf3 Rc6 52. Rf7 Kg4 53. Ba4 Rc3 54. Bd7+ Kh5 55. Ba4 Re3+ 56. Kd2 Ra3 57. Bb3 Ra1 58. Be6 Rh1 59. h3 Rg1 60. g4+ Kh4 61. Rh7 Kg5 62. Rf7 Rg2+ 63. Kd1 Rg3 64. h4+ Kxh4 65. Rh7 Kg5 66. Rh8 h5 67. gxh5 gxh5 68. Rg8+ Kf4 69. Rxg3 Kxg3 70. Ke2 h4 71. Kd3 h3 72. Bd5 h2 73. c3 Bc5 74. Kc4 Bd6 75. Be4 Kf2 76. Kd5 Bb8 77. c4 Kg1 78. c5 h1=Q 79. Bxh1 Kxh1 80. Kc6 e4 81. Kb7 Bf4 82. c6 e3 83. Kb6 e2 84. c7 Bxc7+ 85. Kxc7 e1=Q 0-1


[Site "https://www.chess.com"]

[Event "Titled Tuesday Blitz February 07 Early 2023"]
[White "Ambartsumova, Karina"]
[Black "Vlassov, Nikolai"]
[WhiteFideId "4166299"]
[BlackFideId "4103360"]
[WhiteElo "2393"]
[BlackElo "2283"]
[Result "0-1"]
[Round "06"]
[TimeControl "180+2"]
[Date "2023.02.07"]
[WhiteClock "0:00:02"]
[BlackClock "0:00:12"]

1. c4 e5 2. Nc3 Bb4 3. Qc2 Nf6 4. Nf3 d6 5. a3 Bxc3 6. Qxc3 O-O 7. d3 c5 8. e3 Nc6 9. Be2 Bg4 10. O-O Re8 11. Re1 Rc8 12. b3 d5 13. cxd5 Nxd5 14. Qc2 b5 15. Bb2 Qd6 16. Nd2 Bxe2 17. Rxe2 f5 18. Rc1 Nd8 19. d4 exd4 20. Qxf5 Rc7 21. Ne4 Qe6 22. Qxe6+ Nxe6 23. Nd6 Rd8 24. Nxb5 Rb7 25. a4 a6 26. Na3 d3 27. Rd2 Rxb3 28. Nc4 Nb4 29. Rcd1 Nc6 30. f3 Rb4 31. Ne5 Nxe5 32. Bxe5 c4 33. a5 Ra4 34. Bc3 Ra3 35. Bb4 Rb3 36. Be7 Rd7 37. Bh4 c3 38. Rxd3 Rxd3 39. Rxd3 c2 40. Rxb3 c1=Q+ 41. Kf2 Qc2+ 0-1


[Site "https://www.chess.com"]

[Event "Titled Tuesday Blitz February 07 Early 2023"]
[White "Tillyaev, Ulugbek"]
[Black "Defend, Balint"]
[WhiteFideId "14202441"]
[BlackFideId "17004853"]
[WhiteElo "2287"]
[BlackElo "1673"]
[Result "0-1"]
[Round "06"]
[TimeControl "180+2"]
[Date "2023.02.07"]
[WhiteClock "0:00:04"]
[BlackClock "0:00:44"]

1. e4 c5 2. Nf3 d6 3. Nc3 Nf6 4. Bb5+ Nbd7 5. O-O a6 6. Bxd7+ Bxd7 7. d4 cxd4 8. Qxd4 g6 9. e5 dxe5 10. Nxe5 Bg7 11. Qh4 O-O 12. Rd1 Qe8 13. Bh6 Be6 14. Bxg7 Kxg7 15. Qb4 b5 16. a4 bxa4 17. Rxa4 Qb8 18. Nc6 Qxb4 19. Rxb4 Rfc8 20. Nd4 Bd7 21. Ra1 a5 22. Rb3 a4 23. Rb7 Rab8 24. Rxb8 Rxb8 25. Nd1 Rb4 26. c3 Rb6 27. f3 Nd5 28. Kf2 Kf6 29. g3 Ke5 30. Ke2 Kd6 31. Kd3 e5 32. Nc2 Kc5 33. Na3 h5 34. Kd2 h4 35. Nc2 h3 36. Kc1 Rb8 37. Nf2 Nf6 38. g4 e4 39. g5 Nh5 40. Nxe4+ Kd5 41. Kd2 Ke5 42. Nb4 Kf4 43. Re1 Kxf3 44. Nc5 Bf5 45. Re3+ Kg4 46. Nxa4 Kxg5 47. Nc5 Kh4 48. Ncd3 g5 49. Ne5 g4 50. b3 g3 51. Nf3+ Kg4 52. Ne5+ Kf4 53. Nd5+ Kg5 54. Nxf7+ Kg6 55. Ne5+ Kg7 56. Re2 g2 57. Nf3 Rxb3 58. Ne3 Rb2+ 59. Ke1 Rb1+ 60. Kf2 Be4 61. Ng1 Nf4 62. Re1 Nd3+ 63. Kg3 Rxe1 64. Ng4 Rxg1 65. Kxh3 Rf1 66. Kg3 g1=Q+ 67. Kh4 Rf4 0-1


[Site "https://www.chess.com"]

[Event "Titled Tuesday Blitz February 07 Early 2023"]
[White "Megalios, Konstantinos"]
[Black "Pein, Jonathan"]
[WhiteFideId "4238044"]
[BlackFideId "417092"]
[WhiteElo "2372"]
[BlackElo "2265"]
[Result "1-0"]
[Round "06"]
[TimeControl "180+2"]
[Date "2023.02.07"]
[WhiteClock "0:00:08"]
[BlackClock "0:00:15"]

1. Nf3 c5 2. g3 b6 3. Bg2 Bb7 4. O-O e6 5. c4 Nf6 6. b3 Be7 7. Bb2 O-O 8. Nc3 d5 9. cxd5 Nxd5 10. Nxd5 Bxd5 11. d3 Bf6 12. Qc2 Nd7 13. Rfd1 Rc8 14. Rac1 e5 15. Nd2 Bxg2 16. Kxg2 Nb8 17. a3 Nc6 18. Qc4 Be7 19. Nf3 Bd6 20. Qd5 a5 21. Rc4 Ne7 22. Qb7 Rb8 23. Qa6 Ng6 24. Qb5 f5 25. h4 f4 26. Re4 fxg3 27. fxg3 Qc8 28. Rh1 Qf5 29. h5 Ne7 30. h6 Rf7 31. Bxe5 Bxe5 32. Rxe5 Qf6 33. Qc4 Rf8 34. hxg7 Qxg7 35. Rg5 Ng6 36. Rhh5 Qb2 37. Qe4 Kg7 38. Rxh7+ Kxh7 39. Qxg6+ Kh8 40. Rh5+ Rh7 41. Rxh7# 1-0


[Site "https://www.chess.com"]

[Event "Titled Tuesday Blitz February 07 Early 2023"]
[White "Podetti, Davide"]
[Black "Koellner, Ruben Gideon"]
[WhiteFideId "893617"]
[BlackFideId "12993093"]
[WhiteElo "2281"]
[BlackElo "2426"]
[Result "1-0"]
[Round "06"]
[TimeControl "180+2"]
[Date "2023.02.07"]
[WhiteClock "0:01:48"]
[BlackClock "0:00:39"]

1. e4 d6 2. d4 Nf6 3. Nc3 e5 4. Nf3 Nbd7 5. Bc4 Be7 6. O-O c6 7. a4 h6 8. Qe2 Qc7 9. Rd1 Nf8 10. dxe5 dxe5 11. Nh4 g6 12. f4 exf4 13. e5 Ng4 14. Nf3 Bc5+ 15. Kf1 Ne3+ 16. Bxe3 Bxe3 17. Ne4 Be6 18. Nf6+ Ke7 19. Bxe6 Nxe6 20. Rd7+ Qxd7 21. Nxd7 Kxd7 22. Rd1+ Ke7 23. g3 g5 24. gxf4 gxf4 25. Nh4 Rad8 26. Nf5+ Ke8 27. Rxd8+ Kxd8 28. Qd3+ Kc8 29. Qd6 Nc7 30. Qf6 Rg8 31. Ne7+ 1-0


[Site "https://www.chess.com"]

[Event "Titled Tuesday Blitz February 07 Early 2023"]
[White "Jaskolka, Tomasz"]
[Black "Suder, Jakub"]
[WhiteFideId "1170791"]
[BlackFideId "1195310"]
[WhiteElo "2238"]
[BlackElo "2244"]
[Result "1-0"]
[Round "06"]
[TimeControl "180+2"]
[Date "2023.02.07"]
[WhiteClock "0:01:36"]
[BlackClock "0:01:55"]

1. d4 d5 2. Nf3 Nf6 3. c4 e6 4. g3 Be7 5. Bg2 O-O 6. O-O dxc4 7. Qc2 b5 8. a4 b4 9. Nbd2 Bb7 10. Nxc4 Be4 11. Qd1 c5 12. Be3 Nd5 13. Qd2 Nd7 14. Rfd1 Rc8 15. Rac1 N7b6 16. Nxb6 Qxb6 17. dxc5 Bxc5 18. Bxc5 Rxc5 19. Rxc5 Qxc5 20. Qd4 Qc2 21. Ne1 1-0


[Site "https://www.chess.com"]

[Event "Titled Tuesday Blitz February 07 Early 2023"]
[White "Yeritsyan, Hayk"]
[Black "Horobetz, Graham"]
[WhiteFideId "13307320"]
[BlackFideId "2047322"]
[WhiteElo "2241"]
[BlackElo "2140"]
[Result "1-0"]
[Round "06"]
[TimeControl "180+2"]
[Date "2023.02.07"]
[WhiteClock "0:00:14"]
[BlackClock "0:00:01"]

1. c4 c5 2. Nc3 g6 3. e4 Bg7 4. d3 Nc6 5. Be3 d6 6. Nge2 e5 7. g3 Nge7 8. Bg2 O-O 9. O-O Be6 10. Qd2 Qd7 11. f4 Rab8 12. f5 gxf5 13. Bh6 f6 14. Bxg7 Kxg7 15. Rae1 h6 16. Kh1 fxe4 17. Nxe4 f5 18. N4c3 Nd4 19. Nxd4 cxd4 20. Ne2 Ng6 21. Ng1 b5 22. b3 bxc4 23. dxc4 Qd8 24. Nf3 a5 25. c5 dxc5 26. Nxe5 Bd5 27. Nxg6 Kxg6 28. Re5 Bxg2+ 29. Qxg2 Qd6 30. Rfe1 Rf6 31. g4 f4 32. Qe4+ Kg7 33. Re7+ Rf7 34. Rxf7+ Kxf7 35. Qh7+ Kf8 36. Qf5+ Kg8 37. Re6 Qf8 38. Rg6+ Kh8 39. Rf6 Qg7 40. Rf7 Rg8 41. Rxg7 Rxg7 42. Qxf4 Rd7 43. Qe5+ Rg7 44. Qxc5 Kh7 45. Qxd4 Rd7 46. Qxd7+ 1-0


[Site "https://www.chess.com"]

[Event "Titled Tuesday Blitz February 07 Early 2023"]
[White "Martinez Ramirez, Lennis"]
[Black "Kuzmin, Roman"]
[WhiteFideId "3509079"]
[BlackFideId "44134932"]
[WhiteElo "2426"]
[BlackElo "2198"]
[Result "0-1"]
[Round "06"]
[TimeControl "180+2"]
[Date "2023.02.07"]
[WhiteClock "0:00:09"]
[BlackClock "0:00:08"]

1. d4 Nf6 2. c4 e6 3. Nf3 d5 4. g3 Nbd7 5. Bg2 Be7 6. O-O O-O 7. Nbd2 c6 8. Qc2 b6 9. e4 dxc4 10. Nxc4 Bb7 11. Rd1 c5 12. dxc5 Bxe4 13. Qe2 Bxc5 14. Bg5 Bd5 15. Nfe5 Bxg2 16. Kxg2 Qc7 17. Rac1 Nxe5 18. Nxe5 Qb7+ 19. f3 Nd5 20. Nd3 Rac8 21. a3 h6 22. Bd2 Bd4 23. Qe4 Bf6 24. h4 Rxc1 25. Rxc1 Rc8 26. Kh3 Rxc1 27. Bxc1 Qc7 28. g4 Qe7 29. Qe1 Bd4 30. g5 hxg5 31. hxg5 g6 32. Qe4 Bg7 33. b4 Qc7 34. b5 Qc2 35. a4 Qd1 36. Kg2 Qc2+ 37. Kg3 Bc3 38. Ba3 Qb1 39. Kg2 Bg7 40. Bd6 Bf8 41. Be5 Qc2+ 42. Kg3 Qd1 43. Bd4 Bg7 44. Bxg7 Qg1+ 45. Kh3 Qh1+ 46. Kg3 Qg1+ 47. Kh4 Qh2+ 48. Kg4 Qg2+ 49. Kh4 Kxg7 50. Qe5+ Kh7 51. Qe4 Qh2+ 52. Kg4 f5+ 53. gxf6 Nxf6+ 54. Kg5 Nxe4+ 55. fxe4 Qg3+ 56. Kf6 Qxd3 57. Kxe6 Qxe4+ 58. Kd6 Qxa4 59. Kc6 a6 60. Kb7 Qxb5 0-1


[Site "https://www.chess.com"]

[Event "Titled Tuesday Blitz February 07 Early 2023"]
[White "Han, Yichen"]
[Black "Iljin, Timofey"]
[WhiteFideId "1054430"]
[BlackFideId "14110180"]
[WhiteElo "2413"]
[BlackElo "2329"]
[Result "1-0"]
[Round "06"]
[TimeControl "180+2"]
[Date "2023.02.07"]
[WhiteClock "0:00:27"]
[BlackClock "0:00:02"]

1. Nf3 d5 2. g3 c5 3. Bg2 Nf6 4. O-O e6 5. d4 cxd4 6. Nxd4 e5 7. Nb3 Be6 8. Bg5 Nbd7 9. Nc3 Be7 10. e4 dxe4 11. Nxe4 Nxe4 12. Bxe7 Nxf2 13. Bxd8 Nxd1 14. Raxd1 Rxd8 15. Bxb7 Ke7 16. Bd5 Nc5 17. Nxc5 Bxd5 18. b3 f6 19. c4 Ba8 20. Kf2 h5 21. h4 g5 22. Ke3 gxh4 23. gxh4 Rhg8 24. Rg1 Bc6 25. b4 f5 26. b5 f4+ 27. Kf2 Rxg1 28. Rxg1 Ba8 29. Rg7+ Kf6 30. Rxa7 e4 31. b6 e3+ 32. Ke2 1-0


[Site "https://www.chess.com"]

[Event "Titled Tuesday Blitz February 07 Early 2023"]
[White "tuschessCM1"]
[Black "Turzo, Attila"]
[BlackFideId "704954"]
[WhiteElo "2638"]
[BlackElo "2279"]
[Result "1-0"]
[Round "06"]
[TimeControl "180+2"]
[Date "2023.02.07"]
[WhiteClock "0:01:21"]
[BlackClock "0:00:01"]

1. c4 c5 2. Nf3 Nf6 3. d4 cxd4 4. Nxd4 Nc6 5. Nc3 e6 6. g3 Qb6 7. Nb3 a6 8. e4 Qc7 9. Be3 Bb4 10. Bg2 O-O 11. O-O Bxc3 12. bxc3 d6 13. c5 dxc5 14. Nxc5 b6 15. Na4 b5 16. Nc5 Nd7 17. Nb3 Bb7 18. Rc1 Nce5 19. Nd2 Nb6 20. Bf4 Nbd7 21. c4 b4 22. c5 Qc6 23. Nb3 a5 24. Qd6 Ng6 25. Be3 Rfc8 26. Nd4 Qxd6 27. cxd6 Kf8 28. Nb5 Rxc1 29. Rxc1 Rc8 30. Nc7 Nge5 31. h3 Nd3 32. Rc2 g6 33. Rd2 N3e5 34. Bd4 Nc4 35. Rc2 Nxd6 36. f4 Bxe4 37. Bxe4 Nxe4 38. Nxe6+ fxe6 39. Rxc8+ Ke7 40. Ra8 Nc3 41. Rxa5 Ne2+ 42. Kf2 Nxd4 43. Ra4 Nc6 44. Ra8 h5 45. Ke3 Nf6 46. Kd3 Kd6 47. Kc4 Nd5 48. Rg8 Nce7 49. Rg7 Ne3+ 50. Kxb4 N3f5 51. Rf7 Nxg3 52. a4 Ne2 53. Kb5 Nd4+ 54. Kb6 Nd5+ 55. Kb7 Nc6 56. Ka6 Ndb4+ 57. Kb5 Nd5 58. a5 Nc7+ 59. Kb6 Nd5+ 60. Ka6 Ndb4+ 61. Kb5 Nd5 62. a6 Nc7+ 63. Kb6 Nd5+ 64. Kb7 1-0


[Site "https://www.chess.com"]

[Event "Titled Tuesday Blitz February 07 Early 2023"]
[White "Devaev, Alexander"]
[Black "Pinheiro, Iung Alicio de O."]
[WhiteFideId "4169395"]
[BlackFideId "2104350"]
[WhiteElo "2325"]
[BlackElo "2306"]
[Result "1/2-1/2"]
[Round "06"]
[TimeControl "180+2"]
[Date "2023.02.07"]
[WhiteClock "0:00:16"]
[BlackClock "0:00:21"]

1. d4 Nf6 2. c4 e6 3. Nf3 c5 4. d5 exd5 5. cxd5 d6 6. Nc3 a6 7. a4 g6 8. h3 Bg7 9. e4 O-O 10. Bd3 Nbd7 11. O-O Nh5 12. Re1 Re8 13. Be2 Qc7 14. Bg5 Rb8 15. Nd2 Nhf6 16. a5 b5 17. axb6 Nxb6 18. Bxa6 Bxa6 19. Rxa6 Qb7 20. Ra2 c4 21. Bf4 Bf8 22. Qa1 Ra8 23. Be3 Nfd7 24. f4 Rxa2 25. Qxa2 Ra8 26. Qb1 Na4 27. Nxc4 Qb4 28. Qd3 Nxb2 29. Nxb2 Qxb2 30. Rb1 Ra1 31. Rxa1 Qxa1+ 32. Kh2 Qa3 33. Bd4 h5 34. e5 dxe5 35. fxe5 h4 36. e6 Bd6+ 37. Kg1 Qc1+ 38. Qd1 Qxd1+ 39. Nxd1 fxe6 40. dxe6 Nf8 41. Bf6 Nxe6 42. Bxh4 Kf7 43. Kf1 Be5 44. Bf2 g5 45. Ke2 Kg6 46. Kf3 Bf6 47. Be3 Kf5 48. Nf2 Bd4 49. Ng4 Bg7 50. Bd2 Nd4+ 51. Kf2 Ne6 52. Ne3+ Ke4 53. Ng4 Bd4+ 54. Kf1 Kf5 55. Ke2 Bg7 56. Kf2 Bd4+ 57. Be3 Bg7 58. Kf3 Bh8 59. Nf2 Bg7 60. Ne4 Bf8 61. Ng3+ Kg6 62. Kg4 Be7 63. Ne4 Bd8 64. Bd2 Be7 65. Be3 Bd8 66. Bc5 Bf6 67. Bd6 Bd8 68. Be5 Be7 69. Bd6 Bd8 70. Bb8 Be7 71. Be5 Bd8 72. Ng3 Be7 73. Nf5 Bf6 74. Bxf6 Kxf6 75. Ng3 Kg6 76. Ne4 Kh6 77. Kf5 Nd4+ 78. Kg4 Ne6 79. g3 Kg6 80. Nf2 Ng7 81. Nd3 Nf5 82. Ne5+ Kf6 83. Nd7+ Kg6 84. Nf8+ Kf6 85. Nh7+ Kg6 86. Nxg5 Nxg3 87. Kxg3 Kxg5 88. h4+ Kh5 89. Kh3 Kh6 90. Kg4 Kg6 91. h5+ Kh6 92. Kh4 Kh7 93. Kg5 Kg7 94. h6+ Kh7 95. Kh5 Kh8 96. Kg6 Kg8 97. h7+ Kh8 98. Kh6 1/2-1/2


[Site "https://www.chess.com"]

[Event "Titled Tuesday Blitz February 07 Early 2023"]
[White "Kvaloy, Aksel Bu"]
[Black "Zacurdajev, Dmitry"]
[WhiteFideId "1528815"]
[BlackFideId "4196309"]
[WhiteElo "2321"]
[BlackElo "2273"]
[Result "1-0"]
[Round "06"]
[TimeControl "180+2"]
[Date "2023.02.07"]
[WhiteClock "0:00:13"]
[BlackClock "0:00:07"]

1. d4 d5 2. c4 e6 3. Nf3 Nf6 4. g3 Be7 5. Bg2 O-O 6. O-O dxc4 7. Qc2 a6 8. a4 Bd7 9. Qxc4 Bc6 10. Bg5 Bd5 11. Qc2 Be4 12. Qd1 c6 13. Nc3 Bxf3 14. Bxf3 Nbd7 15. Bxf6 Nxf6 16. e3 a5 17. h4 Qc7 18. h5 h6 19. Qe2 e5 20. dxe5 Qxe5 21. Rfd1 Rad8 22. Rxd8 Rxd8 23. Rd1 Rxd1+ 24. Qxd1 Qd6 25. Qe2 Qb4 26. Kg2 Nd7 27. Qc2 Bf6 28. Qf5 Nf8 29. Qc2 Bxc3 30. bxc3 Qc4 31. Qb2 b5 32. axb5 cxb5 33. Be2 Qe4+ 34. Kg1 b4 35. cxb4 Qxb4 36. Qa2 Nd7 37. Qd5 Nf8 38. Bc4 Ne6 39. Qa8+ Kh7 40. Bd3+ g6 41. hxg6+ fxg6 42. Qe8 Nf8 43. Qf7+ Kh8 44. Bc4 1-0


[Site "https://www.chess.com"]

[Event "Titled Tuesday Blitz February 07 Early 2023"]
[White "Shapiro, Viktor"]
[Black "Lorenzo De La Riva, Lazaro"]
[WhiteFideId "4175700"]
[BlackFideId "2268809"]
[WhiteElo "2192"]
[BlackElo "2404"]
[Result "0-1"]
[Round "06"]
[TimeControl "180+2"]
[Date "2023.02.07"]
[WhiteClock "0:00:09"]
[BlackClock "0:01:07"]

1. c4 e5 2. Nc3 Nc6 3. g3 Bc5 4. Bg2 d6 5. e3 Bf5 6. Nge2 Nb4 7. O-O Bc2 8. d4 Bxd1 9. Rxd1 exd4 10. exd4 Bb6 11. c5 Ba5 12. Bxb7 Rb8 13. Bf3 Nc2 14. Rb1 Nf6 15. Bc6+ Kf8 16. Ba4 Bxc3 17. Nxc3 Nb4 18. cxd6 cxd6 19. d5 Na6 20. Bf4 Nc5 21. Bc2 h6 22. b4 Nb7 23. Nb5 a6 24. Nd4 Qb6 25. Nc6 Rd8 26. Be3 Qc7 27. Bb3 Re8 28. Bd4 Ne4 29. Rbc1 Qd7 30. Rc2 Qh3 31. Re2 Ng5 32. Rxe8+ Kxe8 33. Re1+ Kf8 34. Re3 Qg4 35. Kg2 h5 36. h4 Nh7 37. f3 Qf5 38. Re2 Nf6 39. Rd2 Rh6 40. a4 Rg6 41. a5 Qf4 42. Rf2 Rxg3+ 43. Kf1 Rxf3 44. Rxf3 Qxf3+ 45. Ke1 Qxb3 46. Bxf6 gxf6 47. Kd2 Qxd5+ 0-1


[Site "https://www.chess.com"]

[Event "Titled Tuesday Blitz February 07 Early 2023"]
[White "Korchmar, Vasiliy"]
[Black "Jovic, Stanoje"]
[WhiteFideId "24131750"]
[BlackFideId "905020"]
[WhiteElo "2438"]
[BlackElo "2075"]
[Result "1-0"]
[Round "06"]
[TimeControl "180+2"]
[Date "2023.02.07"]
[WhiteClock "0:01:29"]
[BlackClock "0:00:10"]

1. e4 c6 2. d4 d5 3. e5 c5 4. dxc5 e6 5. Nf3 Bxc5 6. Bd3 Ne7 7. O-O Ng6 8. a3 Nc6 9. b4 Be7 10. Re1 f6 11. Bb2 Ngxe5 12. Nxe5 fxe5 13. b5 Qb6 14. Qh5+ Kd8 15. Nc3 Rf8 16. Nd1 e4 17. Bf1 Nd4 18. Ne3 Nxb5 19. Bxg7 Rg8 20. Qxh7 Rxg7 21. Qxg7 Nd4 22. Rab1 Qc5 23. c4 Nc6 24. cxd5 exd5 25. Nxd5 1-0


[Site "https://www.chess.com"]

[Event "Titled Tuesday Blitz February 07 Early 2023"]
[White "Yaran, Siar"]
[Black "Babikov, Ivan"]
[WhiteFideId "6323006"]
[BlackFideId "4161106"]
[WhiteElo "2288"]
[BlackElo "2239"]
[Result "1-0"]
[Round "06"]
[TimeControl "180+2"]
[Date "2023.02.07"]
[WhiteClock "0:00:46"]
[BlackClock "0:00:42"]

1. d4 d5 2. c4 dxc4 3. e3 Nf6 4. Bxc4 e6 5. Nf3 a6 6. a4 c5 7. Nc3 Be7 8. O-O O-O 9. Qe2 Nbd7 10. Rd1 Qc7 11. e4 cxd4 12. Nxd4 Ne5 13. Bb3 Ng6 14. Be3 Rd8 15. Rac1 Qe5 16. Nf3 Qa5 17. Nd2 Ne5 18. h3 Nd3 19. Rb1 Nc5 20. e5 Nd5 21. Bxd5 exd5 22. b4 Qc7 23. Bxc5 Bxc5 24. bxc5 Qxc5 25. Rbc1 Qe7 26. Nf3 Be6 27. Nd4 Rac8 28. f4 Rc4 29. Nxd5 Bxd5 30. Rxc4 Bxc4 31. Qxc4 Qh4 32. Qf1 b5 33. Nf5 Rxd1 34. Qxd1 Qd8 35. Qxd8# 1-0


[Site "https://www.chess.com"]

[Event "Titled Tuesday Blitz February 07 Early 2023"]
[White "Jakubowska, Anna"]
[Black "Karas, Marek"]
[WhiteFideId "1121952"]
[BlackFideId "14928558"]
[WhiteElo "2139"]
[BlackElo "2227"]
[Result "0-1"]
[Round "06"]
[TimeControl "180+2"]
[Date "2023.02.07"]
[WhiteClock "0:00:02"]
[BlackClock "0:00:07"]

1. e4 e6 2. d4 d5 3. Nc3 Nf6 4. exd5 Nxd5 5. Nxd5 exd5 6. Bd3 c6 7. Ne2 Bd6 8. O-O Qh4 9. g3 Qh5 10. Nf4 Qxd1 11. Rxd1 O-O 12. Re1 Bg4 13. Bd2 Nd7 14. c4 dxc4 15. Bxc4 Nb6 16. Bb3 Rfe8 17. a4 Nd7 18. Nd3 h6 19. Bf4 Bxf4 20. Nxf4 Nf6 21. d5 Bf3 22. dxc6 Bxc6 23. Kf1 Bf3 24. Rxe8+ Rxe8 25. Re1 Rxe1+ 26. Kxe1 Kf8 27. Kd2 Ke7 28. Ke3 Bc6 29. h4 Kd6 30. Bxf7 Bxa4 31. f3 Bc6 32. g4 b6 33. g5 hxg5 34. hxg5 Nd7 35. Nd3 Bb5 36. Nf4 Ne5 37. Bb3 Bc6 0-1


[Site "https://www.chess.com"]

[Event "Titled Tuesday Blitz February 07 Early 2023"]
[White "Fernandez Garcia, Gumersindo"]
[Black "Mohamed Anees M"]
[WhiteFideId "24516740"]
[BlackFideId "35065815"]
[WhiteElo "2160"]
[BlackElo "2315"]
[Result "1-0"]
[Round "06"]
[TimeControl "180+2"]
[Date "2023.02.07"]
[WhiteClock "0:00:38"]
[BlackClock "0:00:51"]

1. d4 Nf6 2. c4 e6 3. Nf3 d5 4. g3 Bb4+ 5. Bd2 Be7 6. Bg2 O-O 7. O-O c6 8. Qc2 dxc4 9. Qxc4 b5 10. Qc2 Bb7 11. a4 Nbd7 12. Rd1 a6 13. Ne5 Nxe5 14. dxe5 Nd7 15. Bf4 Qc7 16. axb5 axb5 17. Rxa8 Rxa8 18. Nc3 Rc8 19. Ne4 c5 20. Nf6+ gxf6 21. exf6 e5 22. fxe7 Bxg2 23. Qf5 Bc6 24. Qg5+ Kh8 25. Rxd7 Bxd7 26. Bxe5+ Qxe5 27. Qxe5+ Kg8 28. Qd6 Be8 29. Qd8 1-0


[Site "https://www.chess.com"]

[Event "Titled Tuesday Blitz February 07 Early 2023"]
[White "Skurikhin, Dmitrij"]
[Black "Janaszak, Dawid"]
[WhiteFideId "4161297"]
[BlackFideId "1119206"]
[WhiteElo "2297"]
[BlackElo "2316"]
[Result "0-1"]
[Round "06"]
[TimeControl "180+2"]
[Date "2023.02.07"]
[WhiteClock "0:00:02"]
[BlackClock "0:00:04"]

1. e4 c5 2. Nf3 Nc6 3. Bb5 e5 4. Bxc6 bxc6 5. O-O d6 6. h3 Nf6 7. Re1 Be7 8. c3 O-O 9. d4 cxd4 10. cxd4 exd4 11. Qxd4 Bb7 12. Nc3 d5 13. exd5 Nxd5 14. Nxd5 cxd5 15. Bf4 Re8 16. Rad1 Qa5 17. a3 Bf8 18. Bd2 Qc7 19. Bc3 Re4 20. Rxe4 dxe4 21. Ne5 f6 22. Qd7 Qxd7 23. Nxd7 Be7 24. Bb4 Kf7 25. Bxe7 Kxe7 26. Nc5 Bc6 27. b4 f5 28. g4 g6 29. Rd4 a5 30. Kh2 axb4 31. axb4 Ra2 32. Kg3 Ra3+ 33. Kf4 Rf3+ 34. Ke5 Rxf2 35. Rd6 Be8 36. Rb6 e3 37. Rb7+ Kd8 38. Rb8+ Ke7 39. Rb7+ Kf8 40. Ne6+ Kg8 41. Kf6 fxg4+ 42. Kg5 e2 43. Rg7+ Kh8 44. Re7 Bf7 45. Kh6 gxh3 0-1


[Site "https://www.chess.com"]

[Event "Titled Tuesday Blitz February 07 Early 2023"]
[White "Topalov, Aleksandar"]
[Black "Lymar, Vladislav"]
[WhiteFideId "925659"]
[BlackFideId "14162180"]
[WhiteElo "2233"]
[BlackElo "2119"]
[Result "1-0"]
[Round "06"]
[TimeControl "180+2"]
[Date "2023.02.07"]
[WhiteClock "0:01:45"]
[BlackClock "0:00:51"]

1. b3 e5 2. Bb2 Nc6 3. c4 Nf6 4. e3 d5 5. cxd5 Nxd5 6. a3 a6 7. Qc2 Be7 8. Nf3 Bf6 9. d3 O-O 10. Nbd2 Bg4 11. Be2 Qe7 12. Ne4 Bd7 13. O-O Nd8 14. Nxf6+ gxf6 15. Rfe1 c5 16. Rac1 Rc8 17. Qc4 Be6 18. Qh4 Nc6 19. Nd2 Kh8 20. Ne4 b6 21. Bf3 Rg8 22. Ng3 Rg6 23. Be4 Rg5 24. Qxh7# 1-0


[Site "https://www.chess.com"]

[Event "Titled Tuesday Blitz February 07 Early 2023"]
[White "Plazuelo Pascual, Juan"]
[Black "Levitan, Caleb Levi"]
[WhiteFideId "32059566"]
[BlackFideId "14332620"]
[WhiteElo "2449"]
[BlackElo "2129"]
[Result "1-0"]
[Round "06"]
[TimeControl "180+2"]
[Date "2023.02.07"]
[WhiteClock "0:01:16"]
[BlackClock "0:00:02"]

1. e4 c5 2. Nf3 e6 3. c3 Nf6 4. e5 Nd5 5. d4 Nc6 6. c4 Nb6 7. d5 Nb8 8. d6 f6 9. Bd3 Nc6 10. O-O g6 11. Nc3 Nxe5 12. Nxe5 fxe5 13. Nb5 Rb8 14. Qf3 Na8 15. Qg3 Bg7 16. Bxg6+ hxg6 17. Qxg6+ Kf8 18. Bg5 Qe8 19. Be7+ Kg8 20. Qxe8+ Kh7 21. Qh5+ Kg8 22. Qe8+ Kh7 23. Qf7 a6 24. Rad1 axb5 25. Rd3 Rg8 26. Rh3# 1-0


[Site "https://www.chess.com"]